AoeStats
← Santi Povs

Arena

505062798Analyzed
2v2 RM · 24d ago on Sep 7, 2026· 58m 35s· 4 players
Game mode
Random Map
Map size
Medium (4 player)
Population
200
Speed
Normal
Resources
Standard
Victory
Conquest
Starting age
Dark Age
Ending age
Imperial Age
RankedLock teamsTeams togetherTeam positionsShared explorationLock speedFull tech treeHidden civsTurbo modeCheats
Victory
Defeat
🇨🇴 Celts · Colombia
1044
+14
🇨🇴 Romans · Colombia
993
+15
🇦🇷 Goths · Argentina
1003
-15
🇦🇷 Celts · Argentina
975
-14
Dixon
11:04 Feudal Age
14:55 Castle Age
13:00 Double-Bit Axe
13:36 Man-at-Arms
14:46 Horse Collar
18:06 Bow Saw
19:33 Heavy Plow
24:00 Scale Barding Armor
24:30 Bloodlines
25:06 Loom
26:07 Pikeman
26:47 Squires
27:39 Wheelbarrow
28:32 Forging
28:22 Scale Mail Armor
31:08 Gold Mining
36:45 Imperial Age
35:28 Anarchy
36:24 Hand Cart
35:53 Light Cavalry
37:46 Iron Casting
37:26 Chain Mail Armor
39:48 Blast Furnace
39:08 Chain Barding Armor
39:56 Two-Man Saw
39:32 Halberdier
40:25 Cavalier
41:05 Husbandry
41:57 Crop Rotation
42:08 Conscription
41:49 Perfusion
42:03 Elite Huskarl
Franchies 
12:06 Feudal Age
16:10 Castle Age
18:40 Horse Collar
19:39 Double-Bit Axe
24:28 Gold Mining
26:21 Town Watch
29:12 Gold Shaft Mining
28:55 Bow Saw
28:47 Heavy Plow
32:54 Imperial Age
33:12 Husbandry
33:33 Forging
34:02 Conscription
33:37 Onager
35:28 Iron Casting
34:53 Pikeman
35:39 Halberdier
36:39 Man-at-Arms
37:08 Arson
37:45 Light Cavalry
38:13 Long Swordsman
39:56 Blast Furnace
38:45 Hussar
40:04 Two-Handed Swordsman
41:03 Scale Mail Armor
54:36 Fortified Wall
Santi Povs
10:28 Feudal Age
14:18 Castle Age
13:12 Double-Bit Axe
26:15 Imperial Age
24:24 Forging
24:14 Scale Mail Armor
24:23 Scale Mail Armor
24:38 Bow Saw
24:37 Loom
25:27 Wheelbarrow
24:38 Town Watch
25:07 Scale Mail Armor
25:11 Horse Collar
25:24 Stone Mining
25:28 Gold Mining
26:56 Iron Casting
27:14 Chain Mail Armor
28:03 Gold Shaft Mining
28:44 Blast Furnace
28:41 Heavy Plow
29:20 Hand Cart
29:02 Man-at-Arms
29:04 Pikeman
31:47 Plate Mail Armor
31:13 Capped Ram
33:18 Chemistry
32:22 Halberdier
33:05 Siege Ram
34:10 Heavy Scorpion
36:24 Stone Mining
36:43 Scale Barding Armor
36:10 Onager
37:26 Cavalier
38:07 Husbandry
38:34 Chain Barding Armor
38:34 Siege Engineers
39:42 Stone Shaft Mining
40:10 Siege Onager
46:20 Long Swordsman
47:10 Gambesons
47:10 Arson
48:19 Two-Handed Swordsman
49:53 Champion
NickyCash
10:21 Feudal Age
8:36 Loom
14:34 Castle Age
13:25 Horse Collar
13:40 Stone Mining
25:11 Heavy Plow
27:14 Scale Barding Armor
29:12 Ballistas
31:02 Double-Bit Axe
31:10 Gold Mining
36:31 Imperial Age
34:39 Wheelbarrow
33:53 Town Watch
34:52 Gold Shaft Mining
35:56 Hand Cart
36:48 Ballistics
37:35 Conscription
38:19 Chemistry
37:16 Murder Holes
38:39 Town Patrol
39:12 Heavy Scorpion
41:09 Husbandry
41:38 Bow Saw
43:47 Bloodlines
43:00 Light Cavalry
44:40 Siege Engineers
44:47 Masonry
49:23 Fortified Wall
50:37 Chain Barding Armor
50:28 Forging
55:11 Architecture
58:17 Caravan
Connection lost

Rejoining the realm…

Still unreachable

The connection could not be restored.

Session expired

The server has moved on; the page needs a fresh start.